 Dungeon Crawl Stone Soup version 0.23.1-37-gaa34b87 (webtiles) character file.

Game seed: 10271021580082323602

9223 vishdafish the Carver (level 11, -24/105 HPs)
             Began as an Ogre Berserker on Mar 24, 2019.
             Was a High Priest of Trog.
             Shot with a bolt by an orc knight (29 damage)
             ... on level 2 of the Orcish Mines.
             The game lasted 00:16:59 (10024 turns).

vishdafish the Carver (Ogre Berserker)             Turns: 10024, Time: 00:17:00

Health: -24/105    AC:  6    Str: 22    XL:     11   Next: 43%
Magic:  11/11      EV: 11    Int:  9    God:    Trog [*****.]
Gold:   743        SH:  0    Dex:  9    Spells: 10/10 levels left

rFire    + . .     SeeInvis .   u - +7 Singing Sword {slice, sonic wave}
rCold    . . .     Gourm    .   (no shield)
rNeg     . . .     Faith    .   b - +0 animal skin
rPois    .         Spirit   .   (helmet restricted)
rElec    .         Reflect  .   H - +2 cloak
rCorr    .         Harm     .   (gloves unavailable)
MR       +....                  (boots unavailable)
Stlth    +.........             (no amulet)
HPRegen  0.27/turn              j - ring of protection from fire
MPRegen  0.12/turn              w - ring of flight

@: berserk cooldown, slowed, very slow
A: large, unfitting armour, tough skin 1, weak 1
a: Berserk, Trog's Hand, Brothers in Arms, Renounce Religion, Evoke Flight


You were on level 2 of the Orcish Mines.
You worshipped Trog.
Trog was extremely pleased with you.
You were not hungry.

You visited 2 branches of the dungeon, and saw 12 of its levels.

You collected 743 gold pieces.

Inventory:

Hand Weapons
 a - a +0 hand axe
 d - the +7 long sword of Uvvier {slice, *Rage +Inv MP+9 Str+5}
   (You found it on level 7 of the Dungeon)

   It inflicts extra damage upon your enemies.
   It affects your strength (+5).
   It affects your magic capacity (+9).
   It lets you turn invisible.
   It may make you go berserk in combat.
 u - the +7 Singing Sword (weapon) {slice, sonic wave}
   (You found it on level 4 of the Dungeon)

   It inflicts extra damage upon your enemies.
 z - the +9 long sword "Jiodghepp" {drain, *Contam MP+9 Int+2}
   (You found it on level 5 of the Dungeon)

   A truly terrible weapon, it drains the life of those it strikes.
   It affects your intelligence (+2).
   It affects your magic capacity (+9).
   It causes magical contamination when unequipped.
Missiles
 x - a throwing net (quivered)
Armour
 b - a +0 animal skin (worn)
 E - a +0 cloak
 H - a +2 cloak (worn)
Jewellery
 j - a ring of protection from fire (left hand)
 s - an uncursed ring of magical power
 w - a ring of flight (right hand)
Wands
 l - a wand of polymorph (2)
 y - a wand of flame (17)
 C - a wand of iceblast (3)
 I - a wand of acid (1)
 J - a wand of random effects (16)
Scrolls
 e - a scroll of enchant weapon
 g - 3 scrolls of teleportation
 i - a scroll of fear
 k - 3 scrolls of remove curse
 t - 2 scrolls of fog
 B - a scroll of vulnerability {unknown}
 D - 3 scrolls of blinking
 G - a scroll of immolation
Potions
 f - 2 potions of agility
 h - a potion of lignification {unknown}
 m - a potion of resistance
 n - 3 potions of curing
 o - a potion of berserk rage
 p - 3 potions of flight
 q - 2 potions of might
 r - a potion of magic
 v - 8 potions of degeneration
 A - 5 potions of haste
Comestibles
 c - 12 rations


   Skills:
 - Level 5.9 Fighting
 * Level 14.2 Long Blades
 - Level 5.5 Axes
 - Level 4.0 Dodging
 * Level 0.5 Evocations


You had 10 spell levels left.
You didn't know any spells.
Your spell library contained the following spells:

 Spells                   Type           Power        Failure   Level  Hunger
 Corona                   Hex            #......      38%         1    ##.....
 Ensorcelled Hibernation  Hex/Ice        #.....       52%         2    ###....
 Confuse                  Hex            #.......     77%         3    ####...
 Dazzling Spray           Conj/Hex       #.....       77%         3    ####...
 Tukima's Dance           Hex            #.......     77%         3    ####...


Dungeon Overview and Level Annotations

Branches:
Dungeon (10/15)            Temple (0/1) D:6             Orc (2/2) D:10
    Elf (0/3) Orc:2
   Lair: D:8-11

Altars:
Dithmenos
Elyvilon
Ru
Yredelemnul
Zin

Shops:
D:6 (


Innate Abilities, Weirdness & Mutations

You are too large for most types of armour.
You have tough skin. (AC +1)
You are weak. (Str -2)


Message History

You eat one of the 13 rations.
That ration really hit the spot!
The orc warrior shoots a bolt.
The bolt hits you.
* * * LOW HITPOINT WARNING * * *
A red film seems to cover your vision as you go berserk!
You feel yourself moving faster!
You feel mighty!
You feel quite a bit more hungry.
The orc warrior throws a tomahawk.
The tomahawk hits you!
* * * LOW HITPOINT WARNING * * *
The orc warrior shoots a bolt.
The bolt barely misses you.
You feel a strong urge to attack something.
The orc warrior throws a tomahawk.
The tomahawk hits you.
* * * LOW HITPOINT WARNING * * *
You see here a tomahawk.
You feel your anger nearly subside.
You are no longer berserk.
You are exhausted.
You feel yourself slow down.
The teleport trap disappears.
The orc disappears!
The orc knight shoots a bolt.
The bolt hits you!!
You die...

##.........#.#....#......#
#...)....)..............## # #
###.....)..................###.
.##...........................#..
............................o.o..
.#.....................ยง.........
....(........................((.#
.#....................(o...oo....
.....(()........@......o.....#...
.##..###((...>..............###.#
#.###................).....# ##
#.. ##.#.(.................# #..
##..)....#............# ##.
##....(................# #.
#.........#.....##......# ##
...........#..............#
........c...(((....#......##


You could see an orc knight and an orc warrior.

Vanquished Creatures
  A two-headed ogre (Orc:1)
  3 death yaks
  Pikel (D:9)
  Joseph (D:9)
  Maurice (D:8)
  A wyvern (D:10)
  Grum (D:8)
  2 hungry ghosts
  A warg (Orc:2)
  A water moccasin (D:9)
  A slave (D:9)
  2 ice beasts
  A swamp drake (D:10)
  8 orc warriors
  3 sky beasts
  An eye of draining (D:9)
  4 ogres
  3 phantoms
  3 wolves (D:8)
  5 centaurs
  A big kobold (D:9)
  3 bullfrogs (D:9)
  3 scorpions
  6 killer bees (D:9)
  3 wights (D:9)
  3 crimson imps (D:7)
  2 bullfrog zombies
  A quasit (D:9)
  A jelly (D:7)
  2 bullfrog skeletons
  3 centaur skeletons
  2 hounds
  10 orc wizards
  9 orc priests
  An iguana (D:5)
  5 worker ants
  A hound zombie (D:9)
  3 worker ant zombies
  14 adders
  7 gnolls
  An adder zombie (D:9)
  An adder skeleton (D:5)
  3 worms (D:2)
  7 dart slugs
  4 leopard geckos
  48 orcs
  A ball python (D:2)
  9 bats
  4 giant cockroaches
  11 goblins
  6 hobgoblins
  13 jackals
  14 kobolds
  2 quokkas
  6 frilled lizards
  A quokka zombie (D:6)
  12 rats
267 creatures vanquished.

Vanquished Creatures (others)
  3 slaves (D:9)
3 creatures vanquished.

Grand Total: 270 creatures vanquished

Notes
Turn   | Place    | Note
-------+----------+-------------------------------------------
     0 | D:1      | vishdafish the Ogre Berserker began the quest for the Orb.
     0 | D:1      | Reached XP level 1. HP: 24/24 MP: 1/1
   105 | D:1      | Reached XP level 2. HP: 26/32 MP: 2/2
   602 | D:1      | Reached ** piety under Trog
   603 | D:1      | Reached XP level 3. HP: 23/40 MP: 3/3
   812 | D:2      | Found a glowing silver altar of Zin.
   875 | D:2      | Reached XP level 4. HP: 9/49 MP: 4/4
  1824 | D:2      | Noticed an ogre
  1824 | D:2      | Noticed a sky beast
  1831 | D:2      | Killed an ogre
  1831 | D:2      | Reached skill level 5 in Fighting
  1831 | D:2      | Reached XP level 5. HP: 45/57 MP: 5/5
  1840 | D:2      | Killed a sky beast
  1840 | D:2      | Reached skill level 5 in Axes
  1840 | D:2      | Reached XP level 6. HP: 18/67 MP: 6/6
  2090 | D:2      | Reached *** piety under Trog
  2946 | D:4      | Found the +7 Singing Sword {slice, sonic wave}
  3023 | D:4      | Reached skill level 1 in Long Blades
  3177 | D:4      | Reached skill level 2 in Long Blades
  3177 | D:4      | Reached XP level 7. HP: 74/74 MP: 7/7
  3219 | D:4      | Reached skill level 3 in Long Blades
  3547 | D:4      | Found a shadowy altar of Dithmenos.
  3808 | D:5      | Entered Level 5 of the Dungeon
  3849 | D:5      | Reached skill level 4 in Long Blades
  3849 | D:5      | Reached **** piety under Trog
  4056 | D:5      | Found a white marble altar of Elyvilon.
  4073 | D:5      | Reached skill level 5 in Long Blades
  4073 | D:5      | Reached XP level 8. HP: 79/83 MP: 8/8
  4711 | D:6      | Reached skill level 6 in Long Blades
  4726 | D:6      | Found Kusomos's Antique Weapon Shoppe.
  4857 | D:6      | Found a basalt altar of Yredelemnul.
  5178 | D:6      | Found a staircase to the Ecumenical Temple.
  5554 | D:5      | Got a dazzling long sword
  5555 | D:5      | Identified the +9 long sword "Jiodghepp" {drain, *Contam
                  | MP+9 Int+2} (You found it on level 5 of the Dungeon)
  5597 | D:6      | Gained mutation: You are weak. (Str -2) [mutagenic glow]
  5887 | D:7      | Reached skill level 7 in Long Blades
  5897 | D:7      | Got a warped long sword
  5898 | D:7      | Identified the +7 long sword of Uvvier {slice, *Rage +Inv
                  | MP+9 Str+5} (You found it on level 7 of the Dungeon)
  6124 | D:7      | Found a sacrificial altar of Ru.
  6143 | D:7      | Reached ***** piety under Trog
  6270 | D:8      | Reached skill level 8 in Long Blades
  6270 | D:8      | Reached XP level 9. HP: 64/89 MP: 9/9
  6902 | D:8      | Noticed Grum
  6905 | D:8      | Reached skill level 9 in Long Blades
  6914 | D:8      | Killed Grum
  7017 | D:8      | Noticed Maurice
  7028 | D:8      | Killed Maurice
  7619 | D:9      | Reached skill level 10 in Long Blades
  7643 | D:9      | Noticed Pikel
  7650 | D:9      | Killed Pikel
  7691 | D:9      | Reached XP level 10. HP: 96/98 MP: 10/10
  7722 | D:9      | Reached skill level 11 in Long Blades
  7936 | D:9      | Noticed Joseph
  7944 | D:9      | Killed Joseph
  7944 | D:9      | Reached skill level 12 in Long Blades
  8125 | D:10     | Entered Level 10 of the Dungeon
  8483 | D:10     | Noticed a death yak
  8484 | D:10     | Noticed a death yak
  8509 | D:9      | Killed a death yak
  8860 | D:10     | Noticed a death yak
  8863 | D:10     | Killed a death yak
  8863 | D:10     | Reached skill level 13 in Long Blades
  8865 | D:10     | Killed a death yak
  8865 | D:10     | Reached XP level 11. HP: 96/105 MP: 11/11
  8891 | D:10     | Received a gift from Trog
  9280 | D:10     | Found a staircase to the Orcish Mines.
  9319 | Orc:1    | Entered Level 1 of the Orcish Mines
  9400 | Orc:1    | Noticed a two-headed ogre
  9407 | Orc:1    | Killed a two-headed ogre
  9407 | Orc:1    | Reached skill level 14 in Long Blades
  9599 | Orc:1    | You fall through a shaft!
  9599 | Orc:2    | Entered Level 2 of the Orcish Mines
  9602 | Orc:2    | Found a staircase to the Elven Halls.
  9745 | Orc:2    | HP: 3/105 [centaur/arrow (12)]
 10007 | Orc:2    | Noticed an orc knight
 10018 | Orc:2    | HP: 5/157 [orc warrior/tomahawk (5)]
 10024 | Orc:2    | Shot with a bolt by an orc knight

Skill      XL: |  1  2  3  4  5  6  7  8  9 10 11 |
---------------+----------------------------------+-----
Dodging        | 3 4 |  4.0
Axes           | 4 5 |  5.5
Fighting       | 5 |  5.9
Long Blades    | 2 5 8 10 13 14 | 14.2
Evocations     | |  0.5

Action                   |  1- 3 |  4- 6 |  7- 9 | 10-12 || total
-------------------------+-------+-------+-------+-------++-------
Melee: Hand axe          |   114 |   211 |       |       ||   325
       Double sword      |       |    10 |   139 |   129 ||   278
Throw: Throwing net      |       |       |       |     2 ||     2
Invok: Berserk           |     1 |     3 |     4 |     4 ||    12
Evoke: Wand              |       |       |       |     8 ||     8
  Use: Scroll            |       |       |     9 |     6 ||    15
       Potion            |       |       |       |     3 ||     3
 Stab: Distracted        |       |       |     1 |       ||     1
       Held in net/web   |       |       |       |     1 ||     1
  Eat: Chunk             |       |     8 |    13 |     2 ||    23
       Ration            |       |     1 |     2 |     3 ||     6
Armor: Animal skin       |    35 |    53 |    25 |    24 ||   137
       Skin              |       |       |     2 |       ||     2
Dodge: Dodged            |    77 |   100 |    60 |    76 ||   313
       Rpst.: Double sword |       |     2 |    19 |    17 ||    38
